 Dungeon Crawl Stone Soup version 0.27.1-34-g3ba077fa99 (webtiles) character file.

Game seed: 10498496036324155744

117 DildoBatman the Conjurer (level 5, 0/35 HPs)
             Began as a Formicid Conjurer on Jan 11, 2022.
             Slain by a scorpion (6 damage)
             ... on level 3 of the Dungeon.
             The game lasted 00:05:47 (2225 turns).

DildoBatman the Conjurer (Formicid Conjurer)        Turns: 2225, Time: 00:05:47

Health: 0/35       AC:  2    Str: 11    XL:     5   Next: 22%
Magic:  0/8        EV: 12    Int: 18    God:
Gold:   285        SH:  0    Dex: 10    Spells: 4/9 levels left

rFire    . . .     SeeInvis +   a - +0 hunting sling
rCold    + . .     Faith    .   (no shield)
rNeg     . . .     Spirit   .   e - +0 robe
rPois    .         Reflect  .   (helmet unavailable)
rElec    .         Harm     .   (no cloak)
rCorr    .         Rampage  .   (no gloves)
Will     .....                  (no boots)
Stlth    ++........             (no amulet)
HPRegen  0.11/turn              b - ring of protection from cold
MPRegen  0.11/turn              (no ring)

@: no status effects
A: permanent stasis, dig shafts and tunnels, antennae 3, four strong arms
a: Dig, Shaft Self


You were on level 3 of the Dungeon.
You visited 1 branch of the dungeon, and saw 3 of its levels.

You collected 285 gold pieces.

Inventory:

Hand Weapons
 a - a +0 hunting sling (weapon)
Missiles
 f - 83 stones (quivered ammo)
 g - 23 arrows
 h - 32 bolts
 j - 7 boomerangs
 m - 15 sling bullets
Armour
 e - a +0 robe (worn)
 l - a +0 kite shield
Magical Staves
 E - a staff of poison
Jewellery
 b - a ring of protection from cold (left hand)
Scrolls
 d - a scroll of silence {unknown}
 i - 2 scrolls of identify {unknown}
Potions
 c - a potion of curing {unknown}
 k - 2 potions of attraction {unknown}
 n - a potion of magic {unknown}


   Skills:
 - Level 1.7 Dodging
 - Level 2.4 Stealth
 * Level 2.5 Spellcasting
 * Level 5.4 Conjurations


You had 4 spell levels left.
You knew the following spells:

 Your Spells              Type           Power      Damage    Failure   Level
a - Searing Ray           Conj           44%        3d4       2%          2
c - Magic Dart            Conj           88%        1d7       1%          1
z - Sublimation of Blood  Necr           1%         N/A       26%         2

Your spell library contained the following spells:

 Spells                   Type           Power      Damage    Failure   Level
 Pain                     Necr           8%         1d4       17%         1
 Dazzling Flash           Conj/Hex       24%        N/A       17%         3
 Wereblood                Tmut           2%         N/A       26%         2
 Fulminant Prism          Conj/Hex       6%         3d7       50%         4
 Iskenderun's Mystic Bla  Conj/Tloc      12%        2d5       50%         4
 Agony                    Necr           2%         N/A       99%         5
 Excruciating Wounds      Necr           1%         N/A       99%         5
 Summon Hydra             Summ           1%         N/A       100%        7


Dungeon Overview and Level Annotations

Branches:
Dungeon (3/15)

Altars:

Annotations:
D:2 Ijyb
D:3 1 exclusion


Innate Abilities, Weirdness & Mutations

You cannot be hasted, slowed, berserked, paralysed or teleported.
You can dig through walls and to a lower floor.
You have a pair of large antennae on your head. (SInv)
Your four strong arms can wield two-handed weapons with a shield.


Message History

The scorpion is almost dead.
You finish channeling your searing ray.
You feel sick. The scorpion stings you.
You are more poisoned.
The scorpion poisons you!
Casting: Searing Ray (safe; 2% risk of failure)
Confirm with . or Enter, or press ? or * to list all spells.
Aiming: Magic Dart (safe; 1% risk of failure)
Press: ? - help, Shift-Dir - straight line, f/p - scorpion
Aim: a scorpion (almost dead, 100% to hit)
The magic dart hits the scorpion but does no damage.
The scorpion is almost dead.
You feel very sick. The scorpion closely misses you.
The scorpion barely misses you.
You feel very sick.
You feel very sick.
You feel sick.
You feel sick.
The scorpion stings you but does no damage.
There is an open door here.
Casting: Magic Dart (safe; 1% risk of failure)
Confirm with . or Enter, or press ? or * to list all spells.
Aiming: Magic Dart (safe; 1% risk of failure)
Press: ? - help, Shift-Dir - straight line, f/p - scorpion
Aim: a scorpion (almost dead, 100% to hit)
The magic dart hits the scorpion but does no damage.
The scorpion is almost dead.
You feel sick. The scorpion barely misses you.
You feel sick.
You feel sick.
You feel sick.
There is an open door here.
You feel sick.
You feel sick.
You are no longer poisoned.
The scorpion stings you.
You die...

####### #.....# ### #.....# #..
#.....#################..
#...>.'s@.............+..
#.....######.#...######).
#.....##.......#.# #..
####'###.##....#.# #..
#.....##.##......######..
#.....##.##.##.##.)....#.
#######.....'..................
#...........########.##.#[<#.#.
#........#### #......##.##.#.#.


You could see a scorpion.

Vanquished Creatures
  2 iguanas (D:3)
  2 adders (D:3)
  A worm (D:2)
  A dart slug (D:1)
  An orc (D:3)
  A ball python (D:2)
  5 endoplasms
  6 giant cockroaches (D:1)
  A hobgoblin (D:2)
  2 jackals (D:1)
  4 kobolds
  2 quokkas
  5 bats
  A frilled lizard (D:2)
  3 goblins
  5 rats
42 creatures vanquished.

Vanquished Creatures (others)
  7 fungi (D:3)
  3 toadstools (D:3)
10 creatures vanquished.

Grand Total: 52 creatures vanquished

Notes
Turn   | Place    | Note
-------+----------+-------------------------------------------
     0 | D:1      | DildoBatman the Formicid Conjurer began the quest for the
                  | Orb.
     0 | D:1      | Reached XP level 1. HP: 13/13 MP: 3/3
   245 | D:1      | Reached skill level 4 in Conjurations
   245 | D:1      | Reached XP level 2. HP: 15/19 MP: 0/5
   248 | D:1      | Learned a level 2 spell: Searing Ray
   577 | D:1      | Reached XP level 3. HP: 12/24 MP: 4/6
  1539 | D:3      | Noticed Ijyb
  1775 | D:3      | Reached XP level 4. HP: 30/30 MP: 4/7
  1860 | D:3      | Reached skill level 5 in Conjurations
  1897 | D:3      | Learned a level 2 spell: Sublimation of Blood
  2185 | D:3      | Reached XP level 5. HP: 35/35 MP: 3/8
  2225 | D:3      | Slain by a scorpion

Illustrated notes

Levels and vault maps discovered:
D:1:      arrival_zaba_pyramid, layout_basic, minmay_tiny_reverse_x
D:2:      layout_rooms
D:3:      layout_basic, minivault_11, minmay_gold_behind_fungi, uniq_ijyb

Skill      XL: |  1  2  3  4 |
---------------+-------------+-----
Conjurations   | 4 5 |  5.4
Dodging        | |  1.7
Stealth        | |  2.4
Spellcasting   | |  2.5

Action                   |  1- 3 |  4- 6 || total
-------------------------+-------+-------++-------
Melee: Unarmed           |     2 |       ||     2
       Dagger            |    11 |       ||    11
 Fire: Hunting sling     |    25 |    15 ||    40
 Cast: Magic Dart        |    19 |     3 ||    22
       Searing Ray       |    13 |     6 ||    19
 Abil: Dig               |    10 |       ||    10
Armor: Robe              |     3 |     2 ||     5
Dodge: Dodged            |    18 |     7 ||    25
